Map: Eternal Empire LE

Players

Boreal

  • Race: Protoss Protoss
  • League: Diamond
  • Spawn Location: 7:00

Kakarott - Winner!

  • Race: Terran Terran
  • League: Diamond
  • Spawn Location: 1:00

VOD

Have the link to the VOD?

Description

Time

  • Played on: May 1, 2020, 1:05 a.m.
  • Length: 5:02
Show
View Real Time Build Order
Export as new Build Order

Boreal Protoss 

Build Orders:  

Get SALT Encoding   

  12  0:04  Probe  
  13  0:16  Probe  
  13  0:20  Pylon  
  14  0:28  Probe (Chrono Boost)  
  15  0:40  Probe (Chrono Boost)  
  15  0:41  Gateway  
  16  0:48  Probe (Chrono Boost)  
  17  0:51  Assimilator  
  17  0:55  Probe  
  18  1:07  Probe  
  18  1:09  Assimilator  
  19  1:19  Probe  
  19  1:23  Gateway  
  20  1:31  Cybernetics Core  
  20  1:32  Probe  
  21  1:48  Pylon  
  21  1:54  Zealot (Chrono Boost)  
  22  2:10  Stalker (Chrono Boost)  
  22  2:11  Shield Battery  
  21  2:49  Stalker  
  23  2:59  Stalker  
  19  3:28  Probe (Chrono Boost)  
  19  3:33  Stalker  
  18  3:44  Probe  
  19  3:53  Shield Battery  
  19  4:03  Probe  
  20  4:10  Robotics Facility  
  20  4:13  Sentry (Chrono Boost)  
  22  4:20  Probe  
  23  4:32  Probe  
  24  4:44  Probe  
Show
View Real Time Build Order
Export as new Build Order

Kakarott Terran - Winner!

Build Orders:  

Get SALT Encoding   

  12  0:01  SCV  
  13  0:16  SCV  
  14  0:21  Supply Depot  
  14  0:28  SCV  
  15  0:47  Barracks  
  15  0:57  Barracks  
  15  1:09  Barracks  
  15  1:14  SCV  
  16  1:35  Marine  
  16  1:37  Barracks  
  17  1:41  Supply Depot  
  17  1:44  Marine  
  18  1:53  Marine  
  19  1:57  Bunker  
  19  2:00  Marine  
  20  2:05  Marine  
  21  2:14  Marine  
  21  2:18  Marine  
  21  2:23  Marine  
  22  2:32  Marine  
  22  2:36  Marine x2  
  22  2:41  Marine  
  21  2:50  Marine  
  22  2:54  Marine x2  
  22  2:59  Marine  
  23  3:08  Marine  
  23  3:12  Marine x2  
  23  3:17  Marine  
  24  3:25  Marine  
  22  3:29  Marine x2  
  21  3:34  Marine  
  20  3:43  Marine  
  20  3:47  Marine x2  
  23  3:52  Marine  
  24  4:01  Marine  
  25  4:05  Marine  
  26  4:10  Marine  
  27  4:19  Marine  
  27  4:23  Marine  
Tags
 
Add a new tag
Caveats
  • Supply blocks, unpowered buildings, or Contaminate may cause inaccurate times.
  • Supply counts are checked every 10 seconds.